General information
- name: BNet
- type: Ladder team game (AT/RT)
- host: Battle.net
- saver: DaysGoneBy
map: Mur'gulOasis
- players: 8
- length: 32:08
- speed: Fast
- version: 1.26 W3XP
- replay type: Public
» download(180 KB)
Players
team 1 (loser)

»
PSU2015 (
green | 38 APM | 1025 actions | 26:58)
6 Blademaster
2 Wind Walk
3 Critical Strike
1 Bladestorm
» actions
| Basic commands | 3 | |
| Build / train | 70 | |
| Enter build submenu | 20 | |
| Enter hero's abilities submenu | 6 | |
| Give item / drop item | 8 | |
| Remove unit from queue | 2 | |
| Right click | 564 | |
| Select / deselect | 287 | |
| Use ability | 65 | |
1025 total
» units
» upgrades
| Berserker Strength | 1 | |
| Melee Weapons | 2 | |
| Pulverize | 1 | |
| Armor | 1 | |
| Reinforced Defenses | 1 | |
6 total
» buildings
| Orc Burrow | 8 | |
| Altar of Storms | 1 | |
| Barracks | 1 | |
| War Mill | 1 | |
| Stronghold | 1 | |
| Fortress | 1 | |
| Voodoo Lounge | 1 | |
| Tauren Totem | 2 | |
| Great Hall | 3 | |
19 total
» build order
00:20 Orc Burrow
00:30 Altar of Storms
00:50 Barracks
01:04 War Mill
01:51 Orc Burrow
02:48 Orc Burrow
06:19 Stronghold
08:28 Orc Burrow
08:30 Orc Burrow
08:46 Fortress
08:49 Voodoo Lounge
09:42 Orc Burrow
09:44 Orc Burrow
11:09 Tauren Totem
11:12 Tauren Totem
17:03 Orc Burrow
24:49 Great Hall
25:00 Great Hall
25:15 Great Hall
» items
| Circlet of Nobility | 5 | |
| Scroll of Regeneration | 1 | |
| Scroll of Town Portal | 3 | |
| Potion of Healing | 3 | |
| Healing Salve | 5 | |
| Tiny Great Hall | 1 | |
| Potion of Mana | 1 | |
19 total
TowerLord (
orange | 70 APM | 2235 actions | 32:06)
9 Archmage
3 Summon Water Elemental
3 Brilliance Aura
1 Mass Teleport
2 Blizzard
» actions
| Assign group hotkey | 61 | |
| Basic commands | 192 | |
| Build / train | 79 | |
| Enter build submenu | 47 | |
| Enter hero's abilities submenu | 9 | |
| Give item / drop item | 2 | |
| Remove unit from queue | 1 | |
| Right click | 774 | |
| Select / deselect | 383 | |
| Select group hotkey | 521 | |
| Use ability | 166 | |
2235 total
» units
| Peasant | 11 | |
| Footman | 7 | |
| Gryphon Rider | 12 | |
| Dragonhawk Rider | 2 | |
32 total
» upgrades
| Lumber Harvesting | 2 | |
| Masonry | 3 | |
| Swords | 3 | |
| Armor | 3 | |
| Animal War Training | 1 | |
| Storm Hammers | 1 | |
| Cloud | 1 | |
| Magic Sentry | 1 | |
15 total
» buildings
| Altar of Kings | 1 | |
| Barracks | 1 | |
| Farm | 10 | |
| Keep | 5 | |
| Lumber Mill | 2 | |
| Arcane Vault | 1 | |
| Scout Tower | 31 | |
| Guard Tower | 6 | |
| Castle | 1 | |
| Blacksmith | 2 | |
| Gryphon Aviary | 5 | |
| Town Hall | 1 | |
| Arcane Tower | 2 | |
| Arcane Sanctum | 1 | |
69 total
» build order
00:53 Altar of Kings
00:55 Barracks
00:59 Farm
01:05 Farm
01:22 Farm
01:25 Farm
03:12 Keep
03:12 Keep
03:12 Keep
03:33 Lumber Mill
04:07 Arcane Vault
04:40 Scout Tower
04:44 Scout Tower
04:45 Scout Tower
05:26 Guard Tower
06:03 Castle
07:11 Farm
07:15 Blacksmith
07:18 Blacksmith
08:07 Farm
08:23 Gryphon Aviary
08:25 Gryphon Aviary
08:26 Gryphon Aviary
11:30 Farm
12:56 Town Hall
12:59 Scout Tower
12:59 Scout Tower
13:00 Scout Tower
13:00 Scout Tower
13:02 Scout Tower
13:03 Scout Tower
13:03 Scout Tower
13:05 Scout Tower
13:09 Scout Tower
13:32 Guard Tower
15:49 Guard Tower
17:42 Scout Tower
17:42 Scout Tower
17:42 Scout Tower
17:43 Scout Tower
17:44 Scout Tower
17:45 Scout Tower
17:46 Scout Tower
17:46 Scout Tower
17:47 Scout Tower
17:48 Scout Tower
17:50 Gryphon Aviary
17:56 Gryphon Aviary
18:05 Lumber Mill
18:11 Scout Tower
18:13 Scout Tower
18:15 Scout Tower
18:15 Scout Tower
18:16 Scout Tower
18:16 Scout Tower
18:32 Guard Tower
19:16 Guard Tower
19:34 Farm
19:36 Farm
19:38 Farm
20:45 Guard Tower
21:50 Scout Tower
21:55 Scout Tower
21:57 Scout Tower
22:07 Arcane Tower
22:58 Arcane Tower
23:03 Arcane Sanctum
» items
| Scroll of Regeneration | 4 | |
| Scroll of Town Portal | 1 | |
| Periapt of Vitality | 1 | |
| Staff of Teleportation | 1 | |
7 total
Computereasy (
blue | 73 APM | 1927 actions | 26:22)
6 Blademaster
2 Wind Walk
3 Critical Strike
1 Bladestorm
5 Shadow Hunter
3 Healing Wave
2 Hex
2 Tauren Chieftain
2 Endurance Aura
» actions
| Assign group hotkey | 21 | |
| Basic commands | 5 | |
| Build / train | 141 | |
| ESC pressed | 4 | |
| Enter build submenu | 48 | |
| Enter hero's abilities submenu | 13 | |
| Give item / drop item | 5 | |
| Right click | 791 | |
| Select / deselect | 535 | |
| Select group hotkey | 164 | |
| Use ability | 200 | |
1927 total
» units
| Peon | 27 | |
| Grunt | 11 | |
| Kodo Beast | 2 | |
| Shaman | 11 | |
| Troll Batrider | 28 | |
| Tauren | 5 | |
84 total
» upgrades
| Berserker Strength | 1 | |
| Pillage | 1 | |
| Shaman Training | 2 | |
| War Drums Damage Increase | 1 | |
| Armor | 1 | |
| Melee Weapons | 1 | |
| Pulverize | 1 | |
| Liquid Fire | 1 | |
9 total
» buildings
| Orc Burrow | 16 | |
| Altar of Storms | 3 | |
| War Mill | 2 | |
| Barracks | 1 | |
| Voodoo Lounge | 4 | |
| Watch Tower | 12 | |
| Stronghold | 2 | |
| Fortress | 3 | |
| Beastiary | 6 | |
| Spirit Lodge | 1 | |
| Tauren Totem | 1 | |
51 total
» build order
00:26 Orc Burrow
00:28 Altar of Storms
00:44 Orc Burrow
00:47 Altar of Storms
00:57 War Mill
01:00 Orc Burrow
01:11 Barracks
02:03 Orc Burrow
02:07 Voodoo Lounge
02:25 Watch Tower
02:28 Watch Tower
02:46 Watch Tower
03:46 Stronghold
03:49 War Mill
03:52 Watch Tower
03:54 Watch Tower
04:03 Watch Tower
04:28 Orc Burrow
05:55 Stronghold
06:07 Watch Tower
06:08 Watch Tower
06:10 Watch Tower
06:19 Altar of Storms
08:03 Orc Burrow
08:19 Fortress
08:21 Voodoo Lounge
08:26 Voodoo Lounge
08:28 Beastiary
08:34 Beastiary
08:39 Beastiary
08:41 Beastiary
09:33 Spirit Lodge
09:39 Watch Tower
09:51 Orc Burrow
10:07 Watch Tower
10:41 Voodoo Lounge
10:50 Tauren Totem
11:44 Orc Burrow
11:45 Orc Burrow
11:56 Orc Burrow
12:03 Fortress
12:03 Fortress
12:21 Orc Burrow
13:24 Orc Burrow
13:26 Orc Burrow
13:47 Beastiary
13:50 Beastiary
14:18 Watch Tower
19:20 Orc Burrow
19:21 Orc Burrow
20:20 Orc Burrow
» items
| Healing Salve | 4 | |
| Lesser Clarity Potion | 5 | |
| Scroll of Speed | 1 | |
| Potion of Healing | 3 | |
| Scroll of Town Portal | 4 | |
| Dust of Appearance | 1 | |
| Scroll of Protection | 1 | |
19 total
team 2 (winner)

»
darkhero (
red | 50 APM | 1122 actions | 22:31)
3 Mountain King
2 Storm Bolt
1 Bash
2 Crypt Lord
1 Carrion Beetles
1 Spiked Carapace
3 Paladin
2 Holy Light
1 Divine Shield
1 Death Knight
1 Death Coil
» actions
| Assign group hotkey | 35 | |
| Basic commands | 45 | |
| Build / train | 95 | |
| Enter build submenu | 40 | |
| Enter hero's abilities submenu | 9 | |
| Right click | 278 | |
| Select / deselect | 416 | |
| Select group hotkey | 126 | |
| Use ability | 78 | |
1122 total
» units
| Peasant | 15 | |
| Acolyte | 4 | |
| Ghoul | 3 | |
| Footman | 5 | |
| Crypt Fiend | 4 | |
| Frost Wyrm | 17 | |
| Knight | 3 | |
51 total
» upgrades
| Defend | 1 | |
| Lumber Harvesting | 2 | |
| Masonry | 2 | |
| Animal War Training | 1 | |
| Freezing Breath | 1 | |
| Creature Attack | 2 | |
| Creature Carapace | 2 | |
| Web | 1 | |
12 total
» buildings
| Crypt | 1 | |
| Ziggurat | 9 | |
| Barracks | 2 | |
| Farm | 7 | |
| Altar of Kings | 1 | |
| Graveyard | 1 | |
| Lumber Mill | 1 | |
| Altar of Darkness | 1 | |
| Scout Tower | 4 | |
| Guard Tower | 2 | |
| Halls of the Dead | 1 | |
| Tomb of Relics | 1 | |
| Arcane Vault | 1 | |
| Keep | 1 | |
| Black Citadel | 1 | |
| Castle | 1 | |
| Sacrificial Pit | 1 | |
| Blacksmith | 1 | |
| Boneyard | 3 | |
40 total
» build order
00:20 Crypt
00:22 Ziggurat
00:27 Barracks
00:37 Farm
00:39 Altar of Kings
00:55 Graveyard
01:05 Farm
01:12 Lumber Mill
01:34 Altar of Darkness
02:04 Farm
02:26 Ziggurat
02:32 Farm
02:43 Scout Tower
03:16 Guard Tower
03:53 Halls of the Dead
03:57 Tomb of Relics
04:24 Arcane Vault
04:28 Farm
04:40 Ziggurat
05:00 Keep
05:11 Farm
05:37 Scout Tower
06:20 Guard Tower
07:16 Black Citadel
07:22 Ziggurat
08:22 Castle
09:45 Sacrificial Pit
09:47 Ziggurat
09:50 Ziggurat
10:59 Blacksmith
11:35 Boneyard
11:37 Boneyard
11:41 Ziggurat
11:43 Ziggurat
11:45 Ziggurat
11:51 Farm
12:00 Barracks
12:46 Boneyard
20:44 Scout Tower
20:50 Scout Tower
» items
| Scroll of Regeneration | 4 | |
| Scroll of Town Portal | 4 | |
| Orb of Fire | 1 | |
| Potion of Healing | 2 | |
| Dust of Appearance | 1 | |
| Orb of Corruption | 1 | |
13 total
gleen (
pink | 23 APM | 723 actions | 31:01)
4 Death Knight
2 Death Coil
2 Unholy Aura
» actions
| Assign group hotkey | 9 | |
| Basic commands | 6 | |
| Build / train | 54 | |
| Enter build submenu | 23 | |
| Enter hero's abilities submenu | 4 | |
| Remove unit from queue | 1 | |
| Right click | 301 | |
| Select / deselect | 184 | |
| Select group hotkey | 79 | |
| Use ability | 62 | |
723 total
» units
| Acolyte | 7 | |
| Ghoul | 11 | |
| Crypt Fiend | 14 | |
| Obsidian Statue | 3 | |
| Frost Wyrm | 4 | |
39 total
» upgrades
| Creature Carapace | 3 | |
| Creature Attack | 2 | |
| Web | 1 | |
| Burrow | 1 | |
| Ghoul Frenzy | 1 | |
8 total
» buildings
| Ziggurat | 6 | |
| Crypt | 2 | |
| Altar of Darkness | 2 | |
| Graveyard | 1 | |
| Tomb of Relics | 1 | |
| Halls of the Dead | 1 | |
| Slaughterhouse | 2 | |
| Black Citadel | 1 | |
| Sacrificial Pit | 1 | |
| Boneyard | 2 | |
19 total
» build order
00:17 Ziggurat
00:39 Crypt
00:45 Altar of Darkness
01:33 Altar of Darkness
01:41 Ziggurat
01:57 Graveyard
02:32 Crypt
02:43 Ziggurat
03:13 Tomb of Relics
04:19 Halls of the Dead
11:45 Ziggurat
11:51 Slaughterhouse
12:03 Slaughterhouse
12:20 Ziggurat
18:17 Black Citadel
19:43 Sacrificial Pit
20:58 Boneyard
22:11 Boneyard
29:12 Ziggurat
DaysGoneBy (
yellow | 105 APM | 3387 actions | 32:08)
8 Archmage
3 Summon Water Elemental
3 Brilliance Aura
1 Mass Teleport
1 Blizzard
1 Death Knight
1 Unholy Aura
» actions
| Assign group hotkey | 77 | |
| Basic commands | 144 | |
| Build / train | 171 | |
| ESC pressed | 6 | |
| Enter build submenu | 44 | |
| Enter hero's abilities submenu | 9 | |
| Give item / drop item | 7 | |
| Right click | 1233 | |
| Select / deselect | 533 | |
| Select group hotkey | 903 | |
| Use ability | 260 | |
3387 total
» units
| Peasant | 23 | |
| Footman | 14 | |
| Gryphon Rider | 11 | |
| Acolyte | 1 | |
| Siege Engine | 4 | |
| Knight | 4 | |
| Frost Wyrm | 1 | |
| Mortar Team | 2 | |
60 total
» upgrades
| Swords | 3 | |
| Armor | 3 | |
| Masonry | 3 | |
| Animal War Training | 1 | |
| Storm Hammers | 1 | |
| Gunpowder | 3 | |
| Barrage | 1 | |
| Plating | 3 | |
| Lumber Harvesting | 2 | |
| Fragmentation Shards | 1 | |
21 total
» buildings
| Altar of Kings | 1 | |
| Barracks | 2 | |
| Farm | 8 | |
| Arcane Vault | 1 | |
| Blacksmith | 1 | |
| Keep | 3 | |
| Lumber Mill | 1 | |
| Scout Tower | 16 | |
| Castle | 4 | |
| Guard Tower | 31 | |
| Gryphon Aviary | 2 | |
| Workshop | 2 | |
| Town Hall | 1 | |
73 total
» build order
00:06 Altar of Kings
00:07 Barracks
00:08 Farm
00:11 Barracks
00:48 Farm
01:32 Farm
03:03 Arcane Vault
03:51 Farm
04:32 Blacksmith
04:54 Keep
04:55 Keep
05:24 Farm
05:36 Lumber Mill
06:34 Farm
06:36 Farm
07:05 Scout Tower
07:10 Scout Tower
07:14 Scout Tower
07:28 Castle
07:28 Castle
07:34 Guard Tower
07:34 Guard Tower
07:35 Guard Tower
07:53 Guard Tower
07:53 Guard Tower
08:29 Gryphon Aviary
08:33 Gryphon Aviary
13:56 Workshop
14:01 Workshop
14:06 Farm
14:09 Scout Tower
15:01 Guard Tower
15:02 Guard Tower
15:16 Town Hall
15:17 Scout Tower
15:19 Scout Tower
15:22 Scout Tower
15:24 Scout Tower
15:38 Scout Tower
15:39 Scout Tower
15:42 Scout Tower
15:45 Scout Tower
15:46 Guard Tower
15:46 Guard Tower
15:46 Guard Tower
15:48 Scout Tower
15:52 Guard Tower
15:53 Guard Tower
17:12 Guard Tower
17:26 Guard Tower
17:27 Guard Tower
17:44 Guard Tower
17:44 Guard Tower
18:19 Guard Tower
21:37 Scout Tower
21:39 Scout Tower
22:10 Guard Tower
22:10 Guard Tower
23:45 Scout Tower
24:24 Guard Tower
24:25 Guard Tower
» items
| Periapt of Vitality | 1 | |
| Scroll of Regeneration | 7 | |
| Staff of Teleportation | 1 | |
| Dust of Appearance | 1 | |
| Scroll of Town Portal | 3 | |
| Mechanical Critter | 6 | |
| Potion of Healing | 1 | |
20 total
Chat log
(00:14 / All) DaysGoneBy: wtf
(00:17 / All) DaysGoneBy: That is pro
(00:23 / Allies) gleen: yeah
(00:27 / Allies) gleen: seems frequent
(00:28 / All) DaysGoneBy: lemme pause so I can turn my volume up
(00:30 / All) DaysGoneBy: ty
(00:44 / All) TowerLord: I don't eat ham sandwiches
(00:50 / All) TowerLord: they're not kosher
(00:53 / All) PSU2015: ONLY TURKEY
(01:22 / All) PSU2015: who stole my gold
(01:50 / All) TowerLord: It was probably that Campbell girl
(02:00 / All) PSU2015: ah.. makes sense stupid skank
(03:12 / All) PSU2015: red what did i tell you
(03:38 / All) Computereasy: fuck
(04:32 / All) PSU2015: wow fuck
(04:42 / All) PSU2015: someone keeps fucking with my shit
(04:49 / All) DaysGoneBy: ?
(04:51 / All) DaysGoneBy: what's he doing?
(04:53 / All) DaysGoneBy: what do you mean
(04:54 / All) PSU2015: it was you...
(04:56 / All) PSU2015: yellow
(05:01 / All) DaysGoneBy: What did I do?
(05:08 / All) PSU2015: you know what you did
(05:10 / All) PSU2015: admit it
(05:14 / All) DaysGoneBy: He says you're basically retarded
(05:23 / All) PSU2015: who?
(05:26 / All) DaysGoneBy: You know who
(07:45 / All) PSU2015: yall niggas be some scaredy ass niggas
(08:00 / All) PSU2015: my niggas be some roy jones beat yo ass niggas
(10:45 / All) DaysGoneBy: I have 2 invul pots btw
(10:48 / All) DaysGoneBy: not sure if you noticed green
(10:59 / All) PSU2015: ask me if i give a fuck?
(11:22 / All) DaysGoneBy: just saying
(11:25 / All) DaysGoneBy: waste of time to hero focus
(11:26 / All) DaysGoneBy: bro
(11:27 / All) PSU2015: haha i know
(11:30 / All) DaysGoneBy: although you have 40 apm
(11:33 / All) DaysGoneBy: so no big deal
(11:35 / All) DaysGoneBy: it's expected
(11:42 / All) PSU2015: hmm?
(11:48 / All) DaysGoneBy: do you even know what apm is
(12:06 / All) PSU2015: no clue actually. nor do i really care haha
(12:09 / All) DaysGoneBy: lol
(12:14 / All) DaysGoneBy: 4v4 superstar!
(12:31 / All) PSU2015: lol. im playing cause im on break and nothing better to do
(20:43 / All) DaysGoneBy: hate fighting compositions like that, now i have to counter 3 armies
(22:17 / Allies) DaysGoneBy: protect my expo if they hit it
(25:31 / All) TowerLord: 2 EZ
(25:41 / All) DaysGoneBy: I see it
(25:42 / All) DaysGoneBy: with my frog
(25:48 / All) PSU2015: watch the replay to the game to funny haha
(25:55 / All) DaysGoneBy: It was planned idiot
(25:57 / All) DaysGoneBy: We are in this together
(25:59 / All) PSU2015: clearly moron
(26:01 / All) PSU2015: haha
(26:16 / All) PSU2015: I didnt think he did this on accident? lol
(26:22 / All) TowerLord: 2 EZ
(26:25 / All) DaysGoneBy: It was planned as in you lost from the start
(26:27 / All) DaysGoneBy: We're friends
(26:28 / All) PSU2015: if this is what you guys do for fun its pretty sad
(26:29 / All) DaysGoneBy: Comrades in arms
(26:54 / All) PSU2015: peace out. virgins
(26:57 / All) DaysGoneBy: cyu
(27:43 / All) TowerLord: Did somebody lose some wyrms?
(27:50 / All) TowerLord: Lost and found
(27:54 / All) DaysGoneBy: I amoved them somewhere
(28:04 / All) TowerLord: Pink lost all his wyrms
(28:04 / All) DaysGoneBy: I didn't even play that well this game and this was still really easy
(28:07 / All) TowerLord: Is pink there?
(28:11 / All) DaysGoneBy: oh thought you meant teal
(28:13 / All) DaysGoneBy: Pink is here
(28:29 / All) DaysGoneBy: I'll kill him now
(28:32 / All) DaysGoneBy: didn't even realise
(28:35 / All) DaysGoneBy: You lose pink, leave
(28:40 / All) DaysGoneBy: cute unsummon on the t3
(29:24 / All) DaysGoneBy: peon surround
(29:25 / All) DaysGoneBy: how mad you are
(30:11 / All) DaysGoneBy: burrows his fiends wehn I attack them lol
(30:26 / All) DaysGoneBy: didn't even try ecaping his dk
(30:29 / All) DaysGoneBy: he has said nothing
(30:31 / All) DaysGoneBy: he is a robot
(31:05 / All) DaysGoneBy: There he goes
(31:07 / All) DaysGoneBy: Which team getst he loss?
(31:11 / All) TowerLord: stats
(31:18 / All) DaysGoneBy: pink 1-3
(31:24 / All) DaysGoneBy: red 82-74
(31:29 / All) DaysGoneBy: teal obviously doesn't care
(31:45 / All) TowerLord: green 65-74 is best record
(31:51 / All) DaysGoneBy: no
(31:52 / All) DaysGoneBy: red is
(31:54 / All) TowerLord: blue should lsoe
(31:56 / All) DaysGoneBy: 82-74